 Dungeon Crawl Stone Soup version 0.21-a0-509-gecc5317 (webtiles) character file.

116 Gerstahl the Slasher (level 5, -2/50 HPs)
             Began as a Naga Gladiator on Nov 30, 2017.
             Slain by an orc warrior
             ... wielding a +0 short sword
              (8 damage)
             ... on level 3 of the Dungeon.
             The game lasted 00:04:13 (2434 turns).

Gerstahl the Slasher (Naga Gladiator)               Turns: 2434, Time: 00:04:14

Health: -2/50      AC:  5    Str: 21    XL:     5   Next: 0%
Magic:  5/5        EV: 10    Int:  9    God:
Gold:   96         SH:  0    Dex: 13    Spells: 4/4 levels left

rFire    . . .     SeeInvis +   a - +0 long sword
rCold    . . .     Gourm    .   (no shield)
rNeg     . . .     Faith    .   b - +0 leather armour
rPois    +         Spirit   .   c - +0 helmet
rElec    .         Reflect  .   (no cloak)
rCorr    .         Harm     .   q - +0 pair of gloves
MR       .....                  (no barding)
Stlth    +.........             (no amulet)
HPRegen  0.16/turn              o - ring of poison resistance
MPRegen  0.09/turn              (no ring)

@: mighty, very slow
A: large, see invisible, deformed body, poison resistance, slowness 2, slow
metabolism 1, spit poison 1, AC +1
a: Spit Poison


You were on level 3 of the Dungeon.
You were not hungry.

You visited 1 branch of the dungeon, and saw 3 of its levels.

You collected 96 gold pieces.

Inventory:

Hand Weapons
 a - a +0 long sword (weapon)
Missiles
 d - 3 throwing nets (quivered)
Armour
 b - a +0 leather armour (worn)
 c - a +0 helmet (worn)
 q - a +0 pair of gloves (worn)
Jewellery
 o - a ring of poison resistance (left hand)
Scrolls
 e - 2 scrolls of remove curse {unknown}
 l - a scroll of noise {unknown}
 m - 3 scrolls of teleportation {unknown}
 n - 4 scrolls of identify {unknown}
 r - a scroll of enchant armour {unknown}
 s - a scroll of enchant weapon {unknown}
Potions
 g - 2 potions of might
 h - a potion of curing {unknown}
 i - a potion of heal wounds {unknown}
 j - 2 potions of flight {unknown}
 k - a potion of mutation {unknown}
 p - a potion of degeneration {unknown}
Comestibles
 f - a bread ration


   Skills:
 + Level 3.7 Fighting
 + Level 4.4 Long Blades
 - Level 1.7 Throwing
 - Level 2.4 Dodging


You had 4 spell levels left.
You didn't know any spells.

Dungeon Overview and Level Annotations

Branches:
Dungeon (3/15)

Altars:
Ashenzari


Innate Abilities, Weirdness & Mutations

You cannot wear boots.
Your serpentine skin is tough. (AC +1)
You have supernaturally acute eyesight. (SInv)
Armour fits poorly on your strangely shaped body.
Your system is resistant to poisons. (rPois)
You cover ground very slowly.
You have a slow metabolism.
You can spit poison.


Message History

The orc warrior is moderately wounded.
You hit the orc warrior but do no damage.
The orc warrior is moderately wounded.
The orc warrior hits you with a short sword!
You hit the orc warrior.
The orc warrior is heavily wounded.
You have got your breath back.
The orc warrior hits you with a short sword!!
* * * LOW HITPOINT WARNING * * *
You are too injured to fight recklessly!
You are too injured to fight recklessly!
It was a potion of might.
You feel very mighty all of a sudden.
The orc warrior hits you with a short sword.
* * * LOW HITPOINT WARNING * * *
Unknown command.
You slash the orc warrior!
The orc warrior is severely wounded.
The orc warrior hits you with a short sword!
You die...

##.##
#.......####
#.#
###.....##..
#.#
##....##.#
##.######
#..#.##
#.......#
#..#.#
#..####.#
#..... .
#....##.#
##+#### #
#.......#
##...##
####@####
##.....##
#o#
##.......##


#ooo# #.........## #...... +.........'. #.....####.........## #.....##
#.......## #.....# ##.....## #.....# ##.†.## ##...## ##'## You could see an orc
warrior and 3 orcs.

Vanquished Creatures
  4 adders
  2 oozes
  An adder skeleton (D:2)
  A worm (D:3)
  A dart slug (D:1)
  2 leopard geckos
  A giant cockroach (D:1)
  6 goblins
  11 hobgoblins
  7 kobolds
  2 quokkas
  12 bats
  7 frilled lizards
  2 rats
59 creatures vanquished.

Notes
Turn   | Place    | Note
-------+----------+-------------------------------------------
     0 | D:1      | Gerstahl the Naga Gladiator began the quest for the Orb.
     0 | D:1      | Reached XP level 1. HP: 19/19 MP: 1/1
    87 | D:1      | Reached XP level 2. HP: 15/27 MP: 2/2
   580 | D:1      | Reached XP level 3. HP: 25/33 MP: 3/3
  1075 | D:2      | Reached XP level 4. HP: 40/42 MP: 4/4
  1081 | D:2      | Reached skill level 4 in Long Blades
  2208 | D:3      | Found a shattered altar of Ashenzari.
  2384 | D:3      | Reached XP level 5. HP: 50/50 MP: 5/5
  2420 | D:3      | Noticed an orc warrior
  2434 | D:3      | Slain by an orc warrior

Vault maps used:
D:1:      minmay_arrival_stone_box, minmay_misc_feat_cross,
          hangedman_decor_riveting, minmay_hexomino_c4
D:2:      first_bread
D:3:      evilmike_ruin_ashenzari, serial_bayou_pond_c, corexii_shack,
          grunt_ministairs_1, grunt_dithmenos_smoke, uniq_ijyb, uniq_natasha

Skill      XL: |  1  2  3  4 |
---------------+-------------+-----
Fighting       | 3 |  3.7
Long Blades    | 4 |  4.4
Throwing       | |  1.7
Dodging        | |  2.4

Action                   |  1- 3 |  4- 6 || total
-------------------------+-------+-------++-------
Melee: Long sword        |    85 |   101 ||   186
 Abil: Spit Poison       |     5 |     5 ||    10
  Use: Potion            |       |     1 ||     1
 Stab: Sleeping          |     1 |       ||     1
  Eat: Bread ration      |       |     1 ||     1
Armor: Leather armour    |    43 |    36 ||    79
Dodge: Dodged            |    69 |    96 ||   165
       Rpst.: Long sword |    22 |    32 ||    54

Table legend:
 A = Spawn XP
 B = Non-spawn XP
 C = Spawn XP percentage of total XP
 D = Spawn monster count
 E = Non-spawn monster count
 F = Spawn count percentage of total count
 G = Total turns spent on level
                    A         B        C        D         E        F      G
               +---------+---------+-------+---------+---------+-------+---------
         Total |       0 |     166 |   0.0 |       0 |      59 |   0.0 |  2434
               +---------+---------+-------+---------+---------+-------+---------
           D:1 |       0 |      53 |   0.0 |       0 |      28 |   0.0 |   911
           D:2 |       0 |      74 |   0.0 |       0 |      20 |   0.0 |  1225
           D:3 |       0 |      39 |   0.0 |       0 |      11 |   0.0 |   298
               +---------+---------+-------+---------+---------+-------+---------
